Map: Ulrena

Players

pupu - Winner!

  • Race: Protoss Protoss
  • League: Gold

SemiZeuGG

  • Race: Protoss Protoss
  • League: Bronze

VOD

Have the link to the VOD?

Description

Time

  • Played on: April 20, 2016, 11:36 a.m.
  • Length: 4:44
Show
View Real Time Build Order
Export as new Build Order

pupu Protoss - Winner!

Build Orders: Oracle Opening 

Get SALT Encoding   

  12  0:01  Probe (Chrono Boost)  
  13  0:11  Probe (Chrono Boost)  
  14  0:19  Pylon  
  14  0:25  Probe (Chrono Boost)  
  15  0:37  Probe (Chrono Boost)  
  15  0:39  Gateway  
  16  0:45  Assimilator  
  16  0:51  Probe (Chrono Boost)  
  17  1:01  Probe (Chrono Boost)  
  18  1:06  Assimilator  
  18  1:16  Probe (Chrono Boost)  
  19  1:26  Pylon  
  19  1:29  Cybernetics Core  
  19  1:34  Probe (Chrono Boost)  
  20  1:47  Pylon  
  20  1:51  Probe (Chrono Boost)  
  21  2:13  Warp Gate (Chrono Boost), Nexus  
  21  2:18  Sentry  
  23  2:25  Probe  
  24  2:33  Stargate  
  24  2:38  Probe  
  25  2:47  Stalker  
  25  2:50  Probe  
  28  3:03  Probe  
  29  3:10  Pylon  
  29  3:14  Oracle (Chrono Boost)  
  29  3:15  Probe  
  33  3:23  Probe  
  34  3:27  Probe  
  34  3:32  Stalker  
  37  3:36  Probe  
  37  3:40  Gateway  
  38  3:45  Mothership Core  
  40  3:49  Probe  
  41  4:01  Probe  
Show
View Real Time Build Order
Export as new Build Order

SemiZeuGG Protoss 

Build Orders:  

Get SALT Encoding   

  12  0:02  Probe (Chrono Boost)  
  13  0:19  Probe (Chrono Boost)  
  14  0:23  Pylon  
  14  0:37  Probe (Chrono Boost)  
  15  0:47  Probe (Chrono Boost)  
  16  0:57  Gateway  
  16  0:58  Probe (Chrono Boost)  
  16  0:59  Assimilator  
  17  1:08  Probe (Chrono Boost)  
  18  1:13  Assimilator  
  18  1:17  Pylon  
  17  1:51  Nexus  
  17  2:00  Forge  
  17  2:04  Probe (Chrono Boost)  
  18  2:19  Probe (Chrono Boost)  
  19  2:29  Probe (Chrono Boost)  
  20  2:34  Protoss Ground Weapons Level 1 (Chrono Boost)  
  20  2:40  Probe (Chrono Boost)  
  21  2:50  Probe (Chrono Boost)  
  22  2:52  Photon Cannon  
  22  3:02  Photon Cannon  
  21  3:09  Probe (Chrono Boost)  
  22  3:27  Cybernetics Core  
  22  3:29  Pylon  
  22  3:31  Probe (Chrono Boost)  
  23  3:42  Probe  
  23  3:45  Probe  
  25  3:56  Probe  
  25  3:58  Photon Cannon  
  25  4:02  Probe  
  27  4:11  Robotics Facility  
Tags
 
Matchup
PvP
Add a new tag
Caveats
  • Supply blocks, unpowered buildings, or Contaminate may cause inaccurate times.
  • Supply counts are checked every 10 seconds.